 Dungeon Sprint DCSS version 0.23.2-30-g0e89c35649 (webtiles) character file.

Game seed: 5832376857265886220

16858 HASTUR3 the Timeless (level 12, -1/63 HPs)
             Began as a Vine Stalker Monk on June 17, 2019.
             Was a High Priest of Cheibriados.
             Slain by an orc knight
             ... wielding a +1 long sword
              (32 damage)
             ... in the Dungeon (Sprint IX: "|||||||||||||||||||||||||||||").
             The game lasted 00:13:02 (1190 turns).

HASTUR3 the Timeless (Vine Stalker Monk)            Turns: 1190, Time: 00:13:02

Health: -1/63      AC: 17    Str: 31    XL:     12   Next: 41%
Magic:  0/25       EV: 23    Int: 25    God:    Cheibriados [*****.]
Gold:   1711       SH:  0    Dex: 32    Spells: 11/11 levels left

rFire    . . .     SeeInvis .     - Unarmed
rCold    . . .     Gourm    .   (no shield)
rNeg     . . .     Faith    .   o - +3 plate armour
rPois    +         Spirit   +   n - +0 helmet
rElec    +         Reflect  .   d - +0 cloak
rCorr    .         Harm     .   m - +0 pair of gloves
MR       ++...     NoTele   +   (no boots)
Stlth    ++........             (no amulet)
HPRegen  1.00/turn              i - ring of Fyluhyock {rElec rPois MR+}
MPRegen  0.19/turn              q - +2 ring of evasion

@: very slow
A: fangs 3, regeneration 2, magic shield, antimagic bite, no potion heal 3, rot
immunity
a: Bend Time, Temporal Distortion, Slouch, Step From Time, Renounce Religion


You were in the Dungeon.
You worshipped Cheibriados.
Cheibriados was extremely pleased with you.
You were very hungry.

You visited 1 branch You collected 1711 gold pieces.

Inventory:

Armour
 d - a +0 cloak (worn)
 m - a +0 pair of gloves (worn)
 n - a +0 helmet (worn)
 o - a +3 plate armour (worn)
Jewellery
 i - the ring of Fyluhyock (left hand) {rElec rPois MR+}
   (You found it in the Dungeon)

   [ring of poison resistance]

   It insulates you from electricity.
   It protects you from poison.
   It affects your resistance to hostile enchantments.
 p - a +3 ring of strength
 q - a +2 ring of evasion (right hand)
Wands
 e - a wand of digging (7)
 l - a wand of acid (10)
Scrolls
 h - 3 scrolls of blinking
 j - 4 scrolls of remove curse
 k - 2 scrolls of amnesia
 r - 2 scrolls of enchant weapon
 s - 2 scrolls of identify
Potions
 a - a potion of agility
 c - 6 potions of curing
 f - 4 potions of magic
 g - a potion of invisibility
 t - a potion of degeneration {unknown}
Comestibles
 b - 11 rations
 u - 10 chunks of flesh


   Skills:
 - Level 7.2 Fighting
 + Level 2.4 Armour
 - Level 13.9 Dodging
 - Level 14.0 Stealth
 - Level 15.3 Unarmed Combat
 - Level 16.5 Invocations


You had 11 spell levels left.
You didn't know any spells.
Your spell library was empty.

Dungeon Overview and Level Annotations

Branches:
Dungeon (1/1)

Altars:
Cheibriados
Dithmenos
Elyvilon
Fedhas
Gozag
Hepliaklqana
Kikubaaqudgha
Makhleb
Nemelex Xobeh
Okawaru
Qazlal
Ru
Sif Muna
Trog
Uskayaw
Vehumet
Wu Jian
Xom
Yredelemnul
Zin
The Shining One
Beogh
Jiyva
Lugonu

Shops:
D [=**


Innate Abilities, Weirdness & Mutations

You have razor-sharp teeth.
You heal very quickly.
When hurt, damage is shared between your health and your magic reserves.
Your bite disrupts and absorbs the magic of your enemies.
Potions cannot restore your health.
You are immune to rotting.


Message History

The orc sorcerer gestures at you while chanting.
The bolt of negative energy misses you.
There is an entrance to Uvappipt's General Store here.
The orc sorcerer casts a spell at you. The bolt of fire hits you!!
You can feel time thicken for a moment.
You kill the orc!
Cheibriados appreciates the change of pace.
You feel somewhat more hungry.
You pummel the orc sorcerer!!
You kill the orc sorcerer!
Cheibriados thoroughly appreciates the change of pace.
Your life force feels restored.
Your Armour skill gained 2 levels and is now at level 2!
The orc knight roars a battlecry!
The orc knight goes into a battle-frenzy!
You can feel time thicken for a moment.
You feel somewhat more hungry.
The orc knight hits you with a +1 long sword!!
Ouch! That really hurt!
You die...

▓▓▓▓▓▓▓▓▓▓▓▓▓▓▓▓▓▓▓▓▓▓▓▓
)....')))))∩.∩.∩@oo$$).+
▓▓▓▓▓▓▓▓▓▓▓▓▓▓▓▓▓▓▓▓▓▓▓▓▓▓▓▓▓▓▓▓▓
.................................
▓▓▓▓▓▓▓▓▓▓▓▓▓▓▓▓▓▓▓▓▓▓▓▓▓▓▓▓▓▓▓▓.
÷.....'÷....÷....()'..[[.[..'....
▓▓▓▓▓▓▓▓▓▓▓▓▓▓▓▓▓▓▓▓▓▓▓▓▓▓▓▓▓▓▓▓▓
.................................
▓▓▓▓▓▓▓▓▓▓▓▓▓▓▓▓▓▓▓▓▓▓▓▓▓▓▓▓▓▓▓▓.
______'..|[.....'(.....').....'..


You could see 2 orc knights.

Vanquished Creatures
  A hydra (D)
  A two-headed ogre (D)
  A centaur warrior (D)
  A catoblepas (D)
  5 death yaks (D)
  3 orc high priests (D)
  An unseen horror (D)
  2 orc sorcerers (D)
  5 orc knights (D)
  An ugly thing (D)
  A black mamba (D)
  3 spiny frogs (D)
  2 komodo dragons (D)
  A hippogriff (D)
  A slime creature (D)
  A blink frog (D)
  Eustachio (D)
  2 yaks (D)
  2 water moccasins (D)
  3 porcupines (D)
  14 orc warriors (D)
  A sky beast (D)
  A phantom (D)
  An ogre (D)
  3 crocodiles (D)
  2 bullfrogs (D)
  2 scorpions (D)
  3 orc priests (D)
  2 hounds (D)
  2 orc wizards (D)
  A shadow imp (D)
  A dart slug (D)
  8 orcs (D)
  A ball python (D)
  A bat skeleton (D)
  A frilled lizard (D)
  2 kobolds (D)
  A rat (D)
85 creatures vanquished.

Notes
Turn   | Place    | Note
-------+----------+-------------------------------------------
     0 | D        | HASTUR3 the Vine Stalker Monk began the quest for the Orb.
     0 | D        | Reached XP level 1. HP: 11/11 MP: 2/2
    16 | D        | Reached XP level 2. HP: 13/16 MP: 3/3
    28 | D        | Noticed a phantom
    28 | D        | Noticed an ogre
    28 | D        | Noticed a sky beast
    34 | D        | Killed an ogre
    34 | D        | Reached XP level 3. HP: 14/20 MP: 4/4
    34 | D        | Gained mutation: Your natural rate of healing is unusually
                  | fast. [Vine Stalker growth]
    34 | D        | Reached XP level 4. HP: 17/24 MP: 5/5
    44 | D        | Reached XP level 5. HP: 17/28 MP: 3/6
    47 | D        | Killed a sky beast
    63 | D        | Killed a phantom
    63 | D        | Reached XP level 6. HP: 14/32 MP: 5/7
    94 | D        | Found a roughly hewn altar of Beogh.
    94 | D        | Found a snail-covered altar of Cheibriados.
    94 | D        | Found a shadowy altar of Dithmenos.
    94 | D        | Found a white marble altar of Elyvilon.
    94 | D        | Found a blossoming altar of Fedhas.
    94 | D        | Found an opulent altar of Gozag.
    95 | D        | Found a hazy altar of Hepliaklqana.
    96 | D        | Found a viscous altar of Jiyva.
    97 | D        | Found an ancient bone altar of Kikubaaqudgha.
    98 | D        | Found a corrupted altar of Lugonu.
   100 | D        | Became a worshipper of Cheibriados the Contemplative
   100 | D        | Reached * piety under Cheibriados
   100 | D        | Reached ** piety under Cheibriados
   102 | D        | Found a burning altar of Makhleb.
   103 | D        | Found a sparkling altar of Nemelex Xobeh.
   104 | D        | Found an iron altar of Okawaru.
   105 | D        | Found a stormy altar of Qazlal.
   106 | D        | Found a sacrificial altar of Ru.
   107 | D        | Found a deep blue altar of Sif Muna.
   108 | D        | Found a bloodstained altar of Trog.
   109 | D        | Found a hide-covered altar of Uskayaw.
   110 | D        | Found a radiant altar of Vehumet.
   111 | D        | Found an ornate altar of the Wu Jian Council.
   112 | D        | Found a shimmering altar of Xom.
   113 | D        | Found a basalt altar of Yredelemnul.
   114 | D        | Found a glowing silver altar of Zin.
   115 | D        | Found a glowing golden altar of the Shining One.
   177 | D        | Noticed a two-headed ogre
   179 | D        | Reached skill level 1 in Invocations
   187 | D        | Killed a two-headed ogre
   187 | D        | Reached skill level 6 in Invocations
   187 | D        | Reached XP level 7. HP: 18/36 MP: 8/13
   187 | D        | Gained mutation: You have razor-sharp teeth. [Vine Stalker
                  | growth]
   187 | D        | Reached XP level 8. HP: 20/40 MP: 8/14
   193 | D        | Killed an unseen horror
   193 | D        | Reached *** piety under Cheibriados
   193 | D        | Reached skill level 5 in Fighting
   193 | D        | Reached skill level 8 in Invocations
   202 | D        | Reached **** piety under Cheibriados
   250 | D        | Noticed a centaur warrior
   250 | D        | Noticed a slime creature
   250 | D        | Noticed a brown ugly thing
   251 | D        | Reached XP level 9. HP: 48/48 MP: 16/16
   251 | D        | Reached skill level 9 in Invocations
   254 | D        | Killed a centaur warrior
   254 | D        | Reached skill level 11 in Invocations
   257 | D        | Reached skill level 12 in Invocations
   262 | D        | Killed a brown ugly thing
   262 | D        | Reached skill level 13 in Invocations
   500 | D        | Got the ring of Fyluhyock {rElec rPois MR+}
   522 | D        | Noticed a black mamba
   522 | D        | Noticed a spiny frog
   524 | D        | Reached ***** piety under Cheibriados
   529 | D        | Killed a black mamba
   529 | D        | Reached XP level 10. HP: 53/53 MP: 21/21
   529 | D        | Reached skill level 10 in Stealth
   530 | D        | Noticed a spiny frog
   533 | D        | Killed a spiny frog
   541 | D        | Killed a spiny frog
   541 | D        | Reached ****** piety under Cheibriados
   591 | D        | Noticed a spiny frog
   593 | D        | Noticed a five-headed hydra
   595 | D        | Reached skill level 14 in Invocations
   604 | D        | Killed a spiny frog
   607 | D        | Killed a five-headed hydra
   607 | D        | Reached skill level 15 in Unarmed Combat
   613 | D        | Reached XP level 11. HP: 24/58 MP: 17/22
   669 | D        | Noticed a death yak
   669 | D        | Noticed a death yak
   669 | D        | Noticed a death yak
   669 | D        | Noticed a death yak
   669 | D        | Noticed a death yak
   671 | D        | Noticed a catoblepas
   675 | D        | Killed a death yak
   678 | D        | Killed a death yak
   683 | D        | Killed a death yak
   684 | D        | Killed a death yak
   684 | D        | Reached skill level 15 in Invocations
   688 | D        | Killed a death yak
   691 | D        | Killed a catoblepas
   691 | D        | Reached skill level 16 in Invocations
   876 | D        | Noticed Eustachio
   883 | D        | Killed Eustachio
   929 | D        | Noticed an orc high priest
   929 | D        | Noticed an orc knight
   934 | D        | Killed an orc high priest
   934 | D        | Reached skill level 10 in Dodging
   936 | D        | Killed an orc knight
  1027 | D        | Gained mutation: You heal very quickly. [Vine Stalker
                  | growth]
  1027 | D        | Reached XP level 12. HP: 50/63 MP: 8/25
  1108 | D        | Found Woczotheirch's Antique Armour Emporium.
  1110 | D        | Noticed an orc high priest
  1112 | D        | Found Duleonki's Jewellery Shoppe.
  1117 | D        | Found Uvappipt's General Store.
  1118 | D        | Killed an orc high priest
  1121 | D        | Noticed an orc high priest
  1157 | D        | Killed an orc high priest
  1174 | D        | Found Wasasose's General Store.
  1190 | D        | Slain by an orc knight

Skill      XL: |  1  2  3  4  5  6  7  8  9 10 11 12 |
---------------+-------------------------------------+-----
Fighting       | 3 5 6 7 |  7.2
Dodging        | 3 6 7 8 11 13 | 13.9
Unarmed Combat | 8 9 12 15 | 15.3
Stealth        | 9 11 14 | 14.0
Invocations    | 6 8 13 14 16 | 16.5
Armour         | 2 |  2.4

Action                   |  1- 3 |  4- 6 |  7- 9 | 10-12 || total
-------------------------+-------+-------+-------+-------++-------
Melee: Unarmed           |    16 |    24 |    28 |    67 ||   135
       Bite              |     5 |     7 |    14 |    39 ||    65
       Punch             |     1 |     2 |     3 |    10 ||    16
Invok: Slouch            |       |       |     2 |    25 ||    27
  Use: Potion            |     1 |       |       |       ||     1
 Stab: Sleeping          |     1 |       |     1 |       ||     2
  Eat: Chunk             |       |       |       |     2 ||     2
Armor: Robe              |       |     2 |       |       ||     2
       Chain mail        |       |     1 |    10 |    10 ||    21
       Plate armour      |       |       |       |     2 ||     2
Dodge: Dodged            |     7 |    10 |    13 |    45 ||    75
